 Dungeon Crawl Stone Soup version 0.20-a0-2-g2b0e13a (webtiles) character file.

1207 Jorund the Cleaver (level 8, -28/56 HPs)
             Began as a Demonspawn Gladiator on Oct 28, 2016.
             Was a Follower of Okawaru.
             Killed from afar by a red draconian monk (44 damage)
             ... with a searing blast
             ... on level 2 of the Abyss.
             The game lasted 00:11:01 (5219 turns).

Jorund the Cleaver (Demonspawn Gladiator)           Turns: 5219, Time: 00:11:02

Health: -28/56     AC:  9    Str: 18    XL:     8   Next: 21%
Magic:  0/8        EV: 12    Int: 13    God:    Okawaru [*.....]
Gold:   427        SH:  0    Dex: 13    Spells: 0 memorised, 7 levels left

rFire  . . .     SeeInvis .     a - +1 war axe
rCold  + . .     Gourm    .     b - +0 leather armour
rNeg   . . .     Faith    .     (no shield)
rPois  .         Spirit   +     c - +0 helmet
rElec  .         Reflect  .     l - +1 cloak
rCorr  .         Harm     .     (no gloves)
MR     .....                    (no boots)
Stlth  +.........               k - amulet of guardian spirit
                                L - ring of protection from cold
                                g - +3 ring of intelligence

@: about to teleport
A: claws 2, molten scales 2, spiny 1
a: Heroism, Renounce Religion


You were on level 2 of the Abyss.
You worshipped Okawaru.
Okawaru was aware of your devotion.
You were not hungry.

You visited 1 branch of the dungeon, and saw 6 of its levels.
You visited the Abyss 1 time.

You collected 427 gold pieces.

Inventory:

Hand Weapons
 a - a +1 war axe (weapon)
 z - the +12 whip of Lekiam {holy, Fragile Str+4 Dex+3 SInv, unknown}
   (You found it on level 5 of the Dungeon)

   It has been blessed by the Shining One to cause great damage to the undead
   and demons.
   It affects your strength (+4).
   It affects your dexterity (+3).
   It lets you see invisible.
   It will be destroyed if unequipped.
Missiles
 m - 14 poisoned needles
 B - a throwing net (quivered)
Armour
 b - a +0 leather armour (worn)
 c - a +0 helmet (worn)
 e - a +0 chain mail
 l - a +1 cloak (worn)
Jewellery
 g - a +3 ring of intelligence (left claw)
 k - an amulet of guardian spirit (around neck)
 J - a +5 ring of intelligence
 L - a ring of protection from cold (right claw)
Wands
 r - a wand of disintegration (1/24)
 s - a wand of acid (3/15)
 t - a wand of flame (27/48)
 C - a wand of teleportation (7/9)
 D - a wand of paralysis (12/24)
 I - a wand of flame (17/48)
 K - a wand of digging (4/24)
Scrolls
 j - 2 scrolls of remove curse
 u - a scroll of fog
 y - a scroll of recharging
 F - a scroll of enchant weapon
 G - a scroll of amnesia
 M - a scroll of identify
Potions
 h - a potion of brilliance
 o - a potion of berserk rage {unknown}
 p - a potion of flight
 q - a potion of mutation {unknown}
 v - a potion of heal wounds {unknown}
 x - 3 potions of curing {unknown}
 A - 2 potions of might {unknown}
 E - 2 potions of haste {unknown}
 H - a potion of ambrosia
Comestibles
 d - 5 chunks of flesh
 f - 4 bread rations
 i - 13 fruits
 n - 3 meat rations
 w - a royal jelly


   Skills:
 - Level 2.0 Fighting
 + Level 8.8 Axes
 - Level 1.7 Throwing
 + Level 3.2 Armour
 - Level 2.6 Dodging


You had 7 spell levels left.
You didn't know any spells.

Dungeon Overview and Level Annotations

Branches:
Dungeon (6/15)
 Temple: D:4-7

Altars:
Dithmenos
Fedhas
Nemelex Xobeh
Okawaru
Qazlal
Uskayaw
Vehumet
Xom
Zin
The Shining One

Annotations:
D:6 Duvessa


Innate Abilities, Weirdness & Mutations

You have very sharp fingernails.
You are mostly covered in molten scales. (AC +3)
You are partially covered in sharp spines.


Message History

Press: ? - help, Shift-Dir - straight line, f - you You feel strangely unstable.
You feel the power of the Abyss delaying your translocation!
This wand has 7 charges left.
Tentacles burst from the starspawn's body! 2 starspawn tentacles come into view.
The rime drake breathes ice at you. The flash freeze hits you!
You partially resist.
* * * LOW HITPOINT WARNING * * *
You are encased in ice.
The ice encasing you melts away.
A polar bear comes into view.
The red draconian monk roars!
Tentacles burst from the starspawn's body! 2 starspawn tentacles come into view.
A small abomination comes into view.
The red draconian monk breathes flames at you.
The searing blast hits you!
Ouch! That really hurt!
You die...

#§ ##x## #..#.#
.....## ##.... .#
# ....##.## ..
###..#§...#
...##.@.§§.##§.
#....#.q# #.#
#...#...##...###.
### ##.X.#. .. .#
#..#.###.# ...#
#X....##..... #w#
X...#....
###.##....... .
#..#. #...#.##.


You could see a red draconian monk, a large abomination and a small abomination.

Vanquished Creatures
  A black bear (D:6)
  2 ogres
  Blork the orc (D:6)
  2 scorpions
  Dowan (D:6)
  2 crimson imps
  3 hounds
  4 orc priests
  An iguana (D:4)
  Jessica (D:3)
  Ijyb (D:3)
  2 worker ants (D:4)
  Natasha (thrice) (D:3)
  A howler monkey skeleton (D:4)
  Robin (D:3)
  9 adders
  2 oozes
  A worm (D:4)
  2 dart slugs
  6 leopard geckos
  15 orcs
  11 giant cockroaches
  16 goblins
  9 hobgoblins
  8 jackals (D:2)
  7 kobolds
  2 quokkas (D:2)
  4 ball pythons
  6 bats
  6 frilled lizards
  A leopard gecko zombie (D:5)
  A quokka skeleton (D:4)
  13 rats
145 creatures vanquished.

Vanquished Creatures (others)
  7 starspawn tentacles (Abyss:2)
7 creatures vanquished.

Grand Total: 152 creatures vanquished

Notes
Turn   | Place    | Note
-------+----------+-------------------------------------------
     0 | D:1      | Jorund the Demonspawn Gladiator began the quest for the Orb.
     0 | D:1      | Reached XP level 1. HP: 16/16 MP: 1/1
    31 | D:1      | Reached skill level 3 in Axes
   182 | D:1      | Gained mutation: You are partially covered in molten scales. (AC +2) [demonic ancestry]
   182 | D:1      | Reached XP level 2. HP: 17/22 MP: 2/2
   421 | D:1      | Gained mutation: You have sharp fingernails. [demonic ancestry]
   421 | D:1      | Reached XP level 3. HP: 23/27 MP: 3/3
   905 | D:2      | Reached skill level 4 in Axes
  1073 | D:2      | Reached skill level 1 in Armour
  1102 | D:2      | Reached XP level 4. HP: 29/33 MP: 4/4
  1199 | D:2      | Found a glowing golden altar of the Shining One.
  1202 | D:2      | Found a blossoming altar of Fedhas.
  1202 | D:2      | Found a sparkling altar of Nemelex Xobeh.
  1206 | D:2      | Found a glowing silver altar of Zin.
  1484 | D:3      | Noticed Ijyb
  1484 | D:3      | Noticed Jessica
  1504 | D:3      | Killed Ijyb
  1508 | D:3      | Killed Jessica
  1532 | D:3      | Noticed Natasha
  1533 | D:3      | Noticed Robin
  1535 | D:3      | Gained mutation: You have very sharp fingernails. [demonic ancestry]
  1535 | D:3      | Reached XP level 5. HP: 33/38 MP: 5/5
  1824 | D:3      | Killed Natasha
  1824 | D:3      | Reached skill level 5 in Axes
  2049 | D:3      | Noticed Natasha
  2063 | D:3      | Killed Natasha
  2333 | D:3      | Found a faded altar of an unknown god.
  2427 | D:3      | Found a shimmering altar of Xom.
  2548 | D:3      | Gained mutation: You are partially covered in sharp spines. [demonic ancestry]
  2548 | D:3      | Reached XP level 6. HP: 44/44 MP: 6/6
  2557 | D:3      | Reached skill level 6 in Axes
  2760 | D:3      | Noticed Natasha
  2764 | D:3      | Killed Natasha
  2844 | D:3      | Killed Robin
  3499 | D:4      | Gained mutation: You are mostly covered in molten scales. (AC +3) [demonic ancestry]
  3499 | D:4      | Reached XP level 7. HP: 50/50 MP: 7/7
  3984 | D:4      | Found a stormy altar of Qazlal.
  3986 | D:4      | Noticed a water elemental
  3987 | D:4      | Noticed an air elemental
  3987 | D:4      | Noticed a fire elemental
  4178 | D:5      | Entered Level 5 of the Dungeon
  4178 | D:5      | Found a shadowy altar of Dithmenos.
  4213 | D:5      | Reached skill level 7 in Axes
  4341 | D:5      | Got a pitted whip
  4691 | D:5      | Found a hide-covered altar of Uskayaw.
  4694 | D:5      | Found a radiant altar of Vehumet.
  4697 | D:5      | Found an iron altar of Okawaru.
  4701 | D:5      | Became a worshipper of Warmaster Okawaru
  4874 | D:6      | Reached skill level 8 in Axes
  4944 | D:6      | Noticed Dowan
  4962 | D:6      | Killed Dowan
  4978 | D:6      | Noticed Blork the orc
  4985 | D:6      | Noticed Duvessa
  5016 | D:6      | Reached XP level 8. HP: 55/56 MP: 8/8
  5068 | D:6      | Killed Blork the orc
  5068 | D:6      | Reached * piety under Okawaru
  5151 | D:6      | Cast into level 1 of the Abyss (Duvessa)
  5186 | Abyss:2  | Noticed a tentacled starspawn
  5202 | Abyss:2  | Noticed a rime drake
  5216 | Abyss:2  | Noticed a polar bear
  5217 | Abyss:2  | Noticed a red draconian monk
  5219 | Abyss:2  | Killed from afar by a red draconian monk

Vault maps used:
D:1:      dpeg_arrival_chase, serial_forest, infiniplex_forest_lined_ring,
          infiniplex_forest_end_2, infiniplex_forest_lined_2,
          infiniplex_forest_lined_room_2, infiniplex_forest_end_2,
          infiniplex_forest_straight_3, minmay_hexomino_u4
D:2:      kennysheep_big_flooded_room, grunt_temple_overflow_open, first_bread
D:3:      lemuel_coloured_pillars_altar, nicolae_overflow_hidden_temple,
          ecumenical_altar_1, uniq_robin, uniq_natasha, uniq_iyjb, uniq_jessica
D:4:      nicolae_qazlal_style_of_elements
D:5:      lemuel_ice_spiral_2, grunt_temple_overflow_diamond, basic_altar,
          lemuel_another_geyser
D:6:      kennysheep_little_box, minmay_liquid_box, uniq_grinder, uniq_duvessa,
          uniq_blork_the_orc

Skill      XL: |  1  2  3  4  5  6  7 |
---------------+----------------------+-----
Axes           | 3 4 5 6 8 |  8.8
Armour         | 1 2 3 |  3.2
Fighting       | |  2.0
Throwing       | |  1.7
Dodging        | |  2.6

Action                   |  1- 3 |  4- 6 |  7- 9 || total
-------------------------+-------+-------+-------++-------
Melee: War axe           |   113 |   204 |    85 ||   402
Throw: Throwing net      |     1 |     1 |     3 ||     5
Evoke: Wand              |       |       |     4 ||     4
  Use: Scroll            |       |    12 |     6 ||    18
       Potion            |       |     2 |       ||     2
 Stab: Sleeping          |       |     2 |       ||     2
       Distracted        |       |     1 |       ||     1
  Eat: Chunk             |     1 |     8 |     5 ||    14
Armor: Leather armour    |    54 |    63 |    29 ||   146
       Skin              |       |    44 |       ||    44
Dodge: Dodged            |    94 |   154 |    61 ||   309
